 Dungeon Crawl Stone Soup version 0.30.1-3-gfc49f6343a (webtiles) character file.

Game seed: 12904339786176825832

158 H0rd4k the Charlatan (level 5, 0/33 HPs)
             Began as an Octopode Artificer on July 18, 2023.
             Hit by a goblin thrown by Robin (3 damage)
             ... on level 3 of the Dungeon.
             The game lasted 00:02:06 (1290 turns).

H0rd4k the Charlatan (Octopode Artificer)           Turns: 1290, Time: 00:02:07

Health: 0/33       AC:  1    Str: 12    XL:     5   Next: 39%
Magic:  5/5        EV: 13    Int: 15    God:
Gold:   107        SH:  0    Dex: 12    Spells: 4/4 levels left

rFire   . .          .
                       - Unarmed
rCold   . . .        (no shield)
rNeg    . . .        (helmet restricted)
rPois   .            (no amulet)
rElec   .            (no ring)
rCorr   .            (no ring)
SInv    .            (no ring)
Will    .....        (no ring)
Stlth   +++          (no ring)
HPRegen 0.25/turn    (no ring)
MPRegen 0.09/turn    (no ring)
                     (no ring)

%: no passive effects
@: no status effects
A: almost no armour, amphibious, 8 rings, camouflage 1, gelatinous body 1,
(nimble swimmer 1), tentacles
a: no special abilities


You were on level 3 of the Dungeon.
You visited 1 branch of the dungeon, and saw 3 of its levels.

You collected 107 gold pieces.

Inventory:

Jewellery
 i - a +6 ring of strength
Wands
 b - a wand of flame (14) (quivered)
 c - a wand of charming (10)
 d - a wand of iceblast (1)
Scrolls
 f - 3 scrolls of identify {unknown}
 g - a scroll of immolation {unknown}
 k - a scroll of poison {unknown}
Potions
 a - 2 potions of flight {unknown}
 e - a potion of berserk rage {unknown}
 h - a potion of curing {unknown}
 j - 2 potions of haste {unknown}


   Skills:
 + Level 1.4 Fighting
 + Level 3.1 Dodging
 + Level 3.5 Stealth
 + Level 2.3 Unarmed Combat
 + Level 4.4 Evocations


You had 4 spell levels left.
You didn't know any spells.
Your spell library was empty.

Dungeon Overview and Level Annotations

Branches:
Dungeon (3/15)

Altars:
Qazlal

Annotations:
D:2 exclusion: downstairs
D:3 Robin


Innate Abilities, Weirdness & Mutations

You cannot wear most types of armour.
You are amphibious.
You can wear up to eight rings at the same time.
Your skin changes colour to match your surroundings (Stealth+).
Your rubbery body absorbs attacks. (AC +1, EV +1)
((You are camouflaged when in or above water. (Stealth+)))
You have tentacles for arms and can constrict up to eight enemies at once.


Message History

The goblin shouts!
You grab the goblin. You constrict the goblin.
The goblin hits you with a +0 club. Robin misses you.
You tentacle-slap the goblin.
You kill the goblin!
A goblin comes into view. It is wielding a +0 dagger.
Robin roars a battlecry!
The goblins go into a battle-frenzy!
The hobgoblin shouts!
You hear a shout!
The goblin shouts!
You hear a shout!
Robin throws the goblin at you!
You see here a worm corpse.
You closely miss Robin. Your grab misses Robin.
The goblin hits you with a +0 dagger.
Robin roars a battlecry!
You barely miss Robin. Your grab misses Robin. The goblin closely misses you.
A goblin comes into view. It is wielding a +0 dagger.
Robin closely misses you.
You tentacle-slap Robin. Your grab misses Robin. You squeeze Robin.
Robin is heavily wounded.
The hobgoblin hits you.
The goblin hits you with a +0 dagger. x2
* * * LOW HITPOINT WARNING * * *
Robin hits you with a +0 trident.
* * * LOW HITPOINT WARNING * * *
You are too injured to fight recklessly!
You are too injured to fight recklessly!
You are too injured to fight recklessly!
You are too injured to fight recklessly!
Unknown command.
Aiming: Charm
Press: ? - help, Shift-Dir - straight line, f - Robin
Aim: Robin, wielding a +0 trident, wearing a +0 animal skin and wearing the +2 helmet "Itugat" {Drain rF+ MP+9} (heavily wounded, chance to affect: 68%) Robin struggles to resist.
The goblin barely misses you.
A goblin comes into view. It is wielding a +0 club.
The hobgoblin hits you.
* * * LOW HITPOINT WARNING * * *
The goblin hits you with a +0 dagger.
* * * LOW HITPOINT WARNING * * *
Robin throws the goblin at you!
You die...

#.# #....####.... #.#
#.#.## # #†### #.#
####.# ####....#
.......)# .##.##..gg# .
..#.#..#g@# .#.
#.....##gg##... #
.._..........# ...#
...g##..... ...#.
#.#..#g..#.
#...##.##...###.#### .
##........†!........ .#
#.....o<...####....
..##..#.o...).####.##.#


You could see Robin, a hobgoblin (strong) and 5 goblins.

Vanquished Creatures
  A hound (D:3)
  Terence (D:3)
  Ijyb (D:3)
  3 worms (D:3)
  A dart slug (D:3)
  2 orcs (D:3)
  3 bats (D:2)
  6 endoplasms
  A giant cockroach (D:2)
  6 goblins
  2 hobgoblins
  5 jackals (D:2)
  A quokka (D:2)
  2 ball pythons (D:2)
  A frilled lizard (D:2)
  2 kobolds (D:2)
  2 rats (D:3)
40 creatures vanquished.

Vanquished Creatures (collateral kills)
  2 adders (D:3)
  A goblin (D:3)
  A hobgoblin (D:3)
  A ball python (D:3)
5 creatures vanquished.

Vanquished Creatures (others)
  An orc priest (D:3)
1 creature vanquished.

Grand Total: 46 creatures vanquished

Notes
Turn   | Place    | Note
-------+----------+-------------------------------------------
     0 | D:1      | H0rd4k the Octopode Artificer began the quest for the Orb.
     0 | D:1      | Reached XP level 1. HP: 13/13 MP: 1/1
    77 | D:1      | You fall into a shaft and drop 1 floor!
   183 | D:2      | Reached XP level 2. HP: 14/18 MP: 2/2
   335 | D:2      | Reached skill level 4 in Evocations
   517 | D:2      | Reached XP level 3. HP: 20/23 MP: 3/3
   671 | D:3      | Noticed Ijyb
   671 | D:3      | Found a stormy altar of Qazlal.
   691 | D:3      | Reached skill level 1 in Unarmed Combat
   726 | D:3      | Killed Ijyb
   727 | D:3      | Reached XP level 4. HP: 10/28 MP: 4/4
  1082 | D:3      | Reached XP level 5. HP: 33/33 MP: 5/5
  1191 | D:3      | Noticed Terence
  1199 | D:3      | Killed Terence
  1278 | D:3      | Identified the +2 helmet "Itugat" {Drain rF+ MP+9}
  1278 | D:3      | Noticed Robin
  1290 | D:3      | Hit by a goblin thrown by Robin

Illustrated notes

Levels and vault maps discovered:
D:1:      giann_bridges, layout_basic
D:2:      layout_rooms
D:3:      layout_loops_ring, mainiacjoe_overflow_small_starburst,
          kennysheep_orc_chapel, uniq_terence, uniq_robin, uniq_ijyb

Skill      XL: |  1  2  3  4 |
---------------+-------------+-----
Evocations     | 4 |  4.4
Stealth        | 2 3 |  3.5
Unarmed Combat | 1 2 |  2.3
Dodging        | 3 |  3.1
Fighting       | |  1.4

Action                     |  1- 3 |  4- 6 || total
---------------------------+-------+-------++-------
  Melee: Unarmed           |    72 |    38 ||   110
         Constrict         |    16 |    11 ||    27
         Tentacles         |    14 |    12 ||    26
         Punch             |     1 |     1 ||     2
  Evoke: Wand              |     3 |     7 ||    10
   Stab: Sleeping          |     6 |     1 ||     7
 Armour: Skin              |    15 |       ||    15
  Dodge: Dodged            |    59 |    19 ||    78
